 Dungeon Crawl Stone Soup version 0.28-a0-1518-gbe868bca14 (webtiles) character file.

Game seed: 3311632223401461777

434 Nattfarinn the Chopper (level 6, -2/52 HPs)
             Began as a Palentonga Fighter on Jan 17, 2022.
             Slain by an orc wizard (3 damage)
             ... on level 3 of the Dungeon.
             The game lasted 00:05:05 (3073 turns).

Nattfarinn the Chopper (Palentonga Fighter)         Turns: 3073, Time: 00:05:05

Health: -2/52      AC:  7    Str: 24    XL:     6   Next: 67%
Magic:  6/6        EV:  7    Int:  8    God:
Gold:   126        SH:  4    Dex:  9    Spells: 5/5 levels left

rFire   + . .      SeeInvis +   a - +0 war axe
rCold   + . .      Faith    .   c - +0 buckler
rNeg    . . .      Spirit   .   b - +0 scale mail
rPois   +          Reflect  .   (no helmet)
rElec   +          Harm     .   (no cloak)
rCorr   +          Rampage  .   (no gloves)
Will    .....                   (no barding)
Stlth   ..........              g - amulet of magic regeneration
HPRegen 0.17/turn               (no ring)
MPRegen 0.50/turn               (no ring)

@: brilliant, resistant, attractive
A: large, rugged brown scales 3, see invisible, deformed body, roll 1, armoured
tail, poison resistance, strong 1
a: Rolling Charge


You were on level 3 of the Dungeon.
You visited 1 branch of the dungeon, and saw 5 of its levels.

You collected 126 gold pieces.

Inventory:

Hand Weapons
 a - a +0 war axe (weapon)
Armour
 b - a +0 scale mail (worn)
 c - a +0 buckler (worn)
Jewellery
 g - an amulet of magic regeneration (around neck)
Wands
 l - a wand of iceblast (4)
Scrolls
 f - 3 scrolls of identify {unknown}
 i - a scroll of teleportation {unknown}
 k - a scroll of amnesia {unknown}
Potions
 d - a potion of might
 h - a potion of attraction


   Skills:
 + Level 4.5 Fighting
 * Level 5.3 Axes
 + Level 3.7 Armour
 - Level 2.4 Shields


You had 5 spell levels left.
You didn't know any spells.
Your spell library contained the following spells:

 Spells                   Type           Power      Damage    Failure   Level
 Beastly Appendage        Tmut           0%         N/A       78%         1
 Wereblood                Tmut           0%         N/A       89%         2
 Call Canine Familiar     Summ           0%         N/A       98%         3
 Portal Projectile        Hex/Tloc       0%         N/A       98%         3
 Spider Form              Tmut/Pois      0%         N/A       98%         3
 Stone Arrow              Conj/Erth      0%         3d7       98%         3
 Animate Armour           Summ/Erth      0%         N/A       100%        4
 Leda's Liquefaction      Hex/Erth       0%         N/A       100%        4
 Lehudib's Crystal Spear  Conj/Erth      0%         10d2      100%        8


Dungeon Overview and Level Annotations

Branches:
Dungeon (5/15)
 Temple: D:4-7

Altars:

Shops:
D:2 :


Innate Abilities, Weirdness & Mutations

You are completely covered in rugged brown scales. (AC +3, +7% HP)
You have supernaturally acute eyesight. (SInv)
Armour fits poorly on your strangely shaped body.
You can roll at nearby foes to attack.
You have a long armoured tail.
Your system is resistant to poisons. (rPois)
Your muscles are strong. (Str +2)


Message History

The orc priest is heavily wounded.
You hit the orc wizard. The orc priest barely misses you.
The orc wizard points at you and mumbles some strange words.
The magic dart hits you.
* * * LOW HITPOINT WARNING * * *
It was a potion of attraction.
You feel attractive to monsters. The orc priest completely misses you.
The orc wizard hits you with a +0 dagger.
* * * LOW HITPOINT WARNING * * *
You closely miss the orc priest.
The orc priest is heavily wounded.
You hit the orc wizard.
The orc priest hits you but does no damage.
The orc wizard hits you but does no damage.
You closely miss the orc priest. You tail-slap the orc priest!
The orc priest is almost dead.
You closely miss the orc wizard. The orc priest barely misses you.
The orc wizard barely misses you. You block the orc priest's attack.
The orc wizard points at you and mumbles some strange words.
The magic dart hits you.
* * * LOW HITPOINT WARNING * * *
It was a potion of mutation.
You feel extremely strange.
You feel stronger.
You feel resistant to poisons. The orc priest barely misses you.
The orc wizard hits you but does no damage.
It was a potion of brilliance.
You feel clever all of a sudden.
The orc priest hits you with a +0 hand axe.
* * * LOW HITPOINT WARNING * * *
The orc wizard barely misses you.
It was a potion of resistance.
You feel protected. The orc priest barely misses you.
The orc wizard barely misses you.
You hit the orc priest but do no damage.
You tail-slap the orc priest.
You kill the orc priest!
You barely miss the orc wizard.
The orc wizard hits you with a +0 dagger.
You die...

....# ... .#### #.#
.#### #.# ....# #.#
.##.# ##†## .##.#
##).)## ....## ##.))).##
#.#..# ##.....).##
.....####.......@)#
#.......'........o'.....
##...####.........####..
##..# ##.......## #..
##.# ##.....## #.. #.#
##...## #.# #.. #.#
##'## #.# ##... #.# #.#
#.# ##.... #.# #.# #.#
##.....


You could see an orc wizard (invisible).

Vanquished Creatures
  Grinder (D:5)
  2 orc priests (D:3)
  A scorpion zombie (D:5)
  A hound skeleton (D:4)
  Robin (D:3)
  5 adders
  3 worms
  3 dart slugs
  An orc (D:3)
  8 ball pythons
  7 bats
  4 endoplasms
  7 giant cockroaches
  8 hobgoblins
  3 jackals (D:1)
  6 quokkas
  9 frilled lizards
  16 goblins
  6 kobolds
  5 rats
97 creatures vanquished.

Notes
Turn   | Place    | Note
-------+----------+-------------------------------------------
     0 | D:1      | Nattfarinn the Palentonga Fighter began the quest for the
                  | Orb.
     0 | D:1      | Reached XP level 1. HP: 19/19 MP: 1/1
   124 | D:1      | Reached XP level 2. HP: 22/25 MP: 2/2
   426 | D:1      | Reached XP level 3. HP: 26/31 MP: 3/3
   617 | D:1      | Reached skill level 3 in Axes
  1140 | D:2      | Found Ecyler's Book Shoppe.
  1395 | D:2      | Reached XP level 4. HP: 30/37 MP: 4/4
  1639 | D:2      | Found a faded altar of an unknown god.
  2649 | D:3      | You fall into a shaft and drop 2 floors!
  2649 | D:5      | Entered Level 5 of the Dungeon
  2649 | D:5      | Noticed Grinder
  2654 | D:5      | Killed Grinder
  2655 | D:5      | Reached skill level 4 in Axes
  2655 | D:5      | Reached XP level 5. HP: 36/46 MP: 5/5
  2655 | D:5      | Reached XP level 6. HP: 40/52 MP: 6/6
  2800 | D:5      | Reached skill level 5 in Axes
  3037 | D:3      | Noticed Robin
  3057 | D:3      | Killed Robin
  3069 | D:3      | HP: 1/52 [orc wizard/magic dart (6)]
  3070 | D:3      | Gained mutation: Your muscles are strong. (Str +2) [potion
                  | of mutation]
  3070 | D:3      | Gained mutation: Your system is resistant to poisons.
                  | (rPois) [potion of mutation]
  3073 | D:3      | Slain by an orc wizard

Illustrated notes

Levels and vault maps discovered:
D:1:      wander_arrival_peaceful_grave, layout_loops_corners,
          minmay_heptomino_h4
D:2:      layout_basic, serial_shops, shop, ebering_ecumenical_altar_ruins,
          minmay_quadrilaterals
D:3:      kennysheep_big_flooded_room, layout_loops_corners,
          minmay_misc_feat_doors, uniq_robin
D:4:      minmay_evil_eye, layout_rooms, gammafunk_ghost_split, uniq_menkaure
D:5:      layout_loops_cross, serial_glass, glass_columns_a, glass_columns_b,
          roderic_batcave, grunt_ministairs_6, uniq_eustachio, uniq_grinder

Skill      XL: |  1  2  3  4  5  6 |
---------------+-------------------+-----
Axes           | 3 4 5 |  5.3
Armour         | 3 |  3.7
Fighting       | 4 |  4.5
Shields        | |  2.4

Action                   |  1- 3 |  4- 6 || total
-------------------------+-------+-------++-------
Melee: War axe           |   109 |   134 ||   243
       Tailslap          |     6 |    15 ||    21
 Abil: Rolling Charge    |    20 |    24 ||    44
  Use: Potion            |       |     4 ||     4
Armor: Scale mail        |    64 |    72 ||   136
Dodge: Dodged            |    39 |    44 ||    83
Block: Buckler           |    22 |    22 ||    44

Table legend: (Time is in decaauts)
 A = Elapsed time spent in this place.
 B = Non-inter-level travel time spent in this place.
 C = Inter-level travel time spent in this place.
 D = Time resting spent in this place.
 E = Time spent auto-exploring this place.
 F = Levels seen in this place.
 G = Mean time per level.
                   A        B        C        D        E       F      G
               +--------+--------+--------+--------+--------+-----+--------+
         Total |   3160 |   3114 |     46 |      0 |   2613 |   5 |  632.0 |
       Dungeon |   3160 |   3114 |     46 |      0 |   2613 |   5 |  632.0 |
               +--------+--------+--------+--------+--------+-----+--------+

Top non-repeatable levels by time:
     D:1: 1157 daAuts
     D:2: 854 daAuts
     D:3: 791 daAuts
     D:5: 223 daAuts
     D:4: 132 daAuts
